 Dungeon Crawl Stone Soup version 0.26.0-7-g794d0892b4 (webtiles) character file.

Game seed: 16897643310877997697

667 RaHiT the Covert (level 7, -4/46 HPs)
             Began as an Octopode Delver on Jan 11, 2021.
             Slain by an ice beast (12 damage)
             ... on level 5 of the Dungeon.
             The game lasted 00:30:06 (5109 turns).

RaHiT the Covert (Octopode Delver)                  Turns: 5109, Time: 00:30:08

Health: -4/46      AC:  1    Str: 11    XL:     7   Next: 57%
Magic:  8/8        EV: 16    Int: 14    God:
Gold:   317        SH:  0    Dex: 14    Spells: 8/8 levels left

rFire    . . .     SeeInvis .     - Unarmed
rCold    . . .     Faith    .   (no shield)
rNeg     . . .     Spirit   .   (helmet restricted)
rPois    .         Reflect  .   (no amulet)
rElec    .         Harm     .   (no ring)
rCorr    .         Rampage  .   (no ring)
Will     .....                  (no ring)
Stlth    +++++.....             (no ring)
HPRegen  0.15/turn              (no ring)
MPRegen  0.11/turn              (no ring)
                                (no ring)
                                (no ring)

@: no status effects
A: almost no armour, stealthy swim, amphibious, 8 rings, constrict 8, camouflage
1, gelatinous body 1
a: no special abilities


You were on level 5 of the Dungeon.
You visited 1 branch of the dungeon, and saw 5 of its levels.

You collected 317 gold pieces.

Inventory:

Hand Weapons
 y - a +0 short sword of electrocution
Missiles
 g - 16 bolts
 h - 252 stones
 i - 2 boomerangs
 v - 50 arrows
 z - 39 sling bullets
 C - 16 poisoned darts
 D - 2 javelins (quivered)
Wands
 e - a wand of digging (4)
 f - a wand of random effects (10)
Scrolls
 a - a scroll of fog
 b - 2 scrolls of magic mapping
 c - 2 scrolls of fear
 m - 4 scrolls of teleportation
 n - a scroll of enchant weapon {unknown}
 p - 2 scrolls of remove curse
 s - a scroll of enchant armour
 A - 2 scrolls of amnesia {unknown}
 B - a scroll of immolation {unknown}
Potions
 d - a potion of haste
 j - a potion of magic {unknown}
 k - a potion of invisibility {unknown}
 l - 3 potions of might
 o - a potion of attraction {unknown}
 r - a potion of lignification {unknown}
 t - a potion of brilliance {unknown}
 u - a potion of resistance {unknown}
 w - a potion of mutation {unknown}
 x - 4 potions of curing
 E - a potion of heal wounds {unknown}
 F - 2 potions of flight


   Skills:
 * Level 3.4 Fighting
 - Level 1.0 Throwing
 - Level 5.0 Dodging
 - Level 8.0 Stealth
 - Level 5.0 Unarmed Combat
 - Level 1.0 Spellcasting
 - Level 2.0 Evocations


You had 8 spell levels left.
You didn't know any spells.
Your spell library was empty.

Dungeon Overview and Level Annotations

Branches:
Dungeon (5/15)
 Temple: D:4-7

Altars:
Dithmenos
Fedhas
Gozag
Hepliaklqana
Trog
Zin

Shops:
D:5 [


Innate Abilities, Weirdness & Mutations

You cannot wear most types of armour.
You are very stealthy in the water. (Stealth+)
You are amphibious.
You can wear up to eight rings at the same time.
You can use your tentacles to constrict eight enemies at once.
Your skin changes colour to match your surroundings (Stealth+).
Your rubbery body absorbs attacks. (AC +1, EV +1)


Message History

* * * LOW HITPOINT WARNING * * *
You tentacle-slap the ice beast.
The ice beast is severely wounded.
The ice beast misses you.
You tentacle-slap the ice beast but do no damage.
The ice beast is severely wounded.
The ice beast barely misses you.
You tentacle-slap the ice beast.
The ice beast is severely wounded.
The ice beast barely misses you.
You tentacle-slap the ice beast but do no damage.
The ice beast is severely wounded.
The ice beast closely misses you.
You tentacle-slap the ice beast but do no damage.
You squeeze the ice beast, but do no damage.
The ice beast is severely wounded.
The ice beast hits you.
* * * LOW HITPOINT WARNING * * *
The ice beast freezes you!
You die...

##+#### #+#.#.#
#.....# ..#.#
#..<..# ...#.#
####.....# .
...#.#
#........#......
.# ###......#(
#######.#+##..(.
#.....#.#.(..###
#.###..@Y..#.#
#.###..<#....#
#.......##.∩.#
#####........#
##.#####.# #.#
##.# #.# #..#
#.# #.## #.# #.#


You could see an ice beast.

Vanquished Creatures
  A water moccasin (D:4)
  An ice beast (D:4)
  An ogre (D:4)
  2 howler monkeys (D:4)
  A bullfrog zombie (D:5)
  A hound (D:4)
  A jelly (D:4)
  7 gnolls (D:4)
  4 adders
  A shadow imp (D:4)
  2 oozes
  2 adder skeletons (D:4)
  2 worms
  2 dart slugs
  5 leopard geckos
  6 orcs
  A ball python (D:4)
  7 bats
  4 giant cockroaches
  3 goblins (D:1)
  8 hobgoblins
  2 quokkas (D:3)
  10 frilled lizards
  6 kobolds
  8 rats
88 creatures vanquished.

Vanquished Creatures (others)
  A fungus (D:3)
  7 plants (D:1)
  4 toadstools (D:3)
12 creatures vanquished.

Grand Total: 100 creatures vanquished

Notes
Turn   | Place    | Note
-------+----------+-------------------------------------------
     0 | D:5      | RaHiT the Octopode Delver began the quest for the Orb.
     0 | D:5      | Reached XP level 1. HP: 16/16 MP: 1/1
   195 | D:2      | Reached XP level 2. HP: 15/21 MP: 2/2
   273 | D:2      | Reached skill level 7 in Stealth
   296 | D:2      | Reached skill level 1 in Evocations
   522 | D:2      | Reached XP level 3. HP: 22/26 MP: 4/4
   872 | D:1      | Reached skill level 1 in Spellcasting
  1856 | D:2      | Reached XP level 4. HP: 31/31 MP: 5/5
  2530 | D:3      | Reached skill level 1 in Throwing
  2631 | D:3      | Found a glowing silver altar of Zin.
  2777 | D:3      | Found an opulent altar of Gozag.
  3149 | D:4      | Noticed an ogre
  3174 | D:4      | Killed an ogre
  3175 | D:4      | Reached skill level 8 in Stealth
  3175 | D:4      | Reached XP level 5. HP: 20/36 MP: 6/6
  3272 | D:4      | Noticed an ice beast
  3315 | D:4      | Noticed a water moccasin
  3329 | D:4      | Killed a water moccasin
  3330 | D:4      | Reached XP level 6. HP: 36/42 MP: 7/7
  3358 | D:4      | HP: 2/42 [ice beast (10)]
  3387 | D:4      | Killed an ice beast
  3388 | D:4      | Reached skill level 5 in Unarmed Combat
  3507 | D:4      | Found a bloodstained altar of Trog.
  3862 | D:4      | Reached XP level 7. HP: 33/46 MP: 8/8
  4056 | D:4      | Found a hazy altar of Hepliaklqana.
  4057 | D:4      | Found a shadowy altar of Dithmenos.
  4057 | D:4      | Noticed a shadow
  4571 | D:4      | Reached skill level 5 in Dodging
  4612 | D:5      | Found Noxitu's Armour Shop.
  4708 | D:5      | Found a blossoming altar of Fedhas.
  5109 | D:5      | Slain by an ice beast

Illustrated notes

Levels and vault maps discovered:
D:1:      lightli_molten_gateway, layout_basic, serial_forest,
          infiniplex_forest_lined_2, infiniplex_forest_lined_2,
          infiniplex_forest_end_3, infiniplex_forest_zigzag_1,
          infiniplex_forest_clump_double, infiniplex_forest_lined_2,
          infiniplex_forest_end_double, infiniplex_forest_3_way
D:2:      layout_loops_ring
D:3:      layout_basic, pdpol_temple_overflow_zin_treasury_gozag_greed,
          minmay_gold_behind_fungi
D:4:      layout_gridville, riverfiend_overflow_shadow_ancestor,
          kennysheep_mini_moat, kennysheep_cluttered_room
D:5:      layout_basic, overflow_temple_1_default, fedhas_altar_4, serial_shops,
          nicolae_shop_stone

Skill      XL: |  1  2  3  4  5  6  7 |
---------------+----------------------+-----
Stealth        | 7 8 |  8.0
Evocations     | 1 2 |  2.0
Spellcasting   | 1 |  1.0
Throwing       | 1 |  1.0
Dodging        | 3 5 |  5.0
Unarmed Combat | 3 4 5 |  5.0
Fighting       | |  3.4

Action                   |  1- 3 |  4- 6 |  7- 9 || total
-------------------------+-------+-------+-------++-------
Melee: Unarmed           |   134 |    85 |    58 ||   277
       Constrict         |    32 |    21 |    12 ||    65
       Tentacles         |    27 |    18 |    13 ||    58
       Punch             |     1 |     1 |     1 ||     3
Throw: Stone             |     5 |    19 |     1 ||    25
       Dart              |       |    34 |    11 ||    45
       Javelin           |       |       |     4 ||     4
Evoke: Wand              |     2 |     1 |       ||     3
  Use: Scroll            |       |     6 |       ||     6
       Potion            |       |     3 |       ||     3
 Stab: Sleeping          |    13 |     7 |       ||    20
Armor: Skin              |     5 |     4 |     1 ||    10
Dodge: Dodged            |    39 |    41 |    26 ||   106
